Map: Ephemeron LE

Players

HeroMarine

  • Race: Terran Terran
  • Spawn Location: 11:00

TIME (Oliveira) - Winner!

  • Race: Terran Terran
  • League: Master
  • Spawn Location: 5:00

Event: NationWars 2019

VOD

Have the link to the VOD?

Description

Time

  • Played on: Nov. 13, 2019, 3:30 p.m.
  • Length: 15:21
Show
View Real Time Build Order
Export as new Build Order

HeroMarine Terran 

Build Orders: Gas First Reaper Expand 

Get SALT Encoding   

  12  0:00  SCV  
  13  0:13  SCV  
  14  0:17  Supply Depot  
  14  0:25  SCV  
  15  0:29  Refinery  
  15  0:38  SCV  
  16  0:44  Barracks  
  16  0:50  SCV  
  17  1:03  SCV  
  18  1:15  SCV  
  19  1:31  Orbital Command  
  19  1:32  Reaper  
  20  1:45  Command Center  
  20  1:57  Factory  
  20  2:01  SCV  
  21  2:06  Barracks Reactor  
  21  2:13  SCV  
  22  2:15  Supply Depot  
  22  2:22  Refinery  
  22  2:25  SCV  
  23  2:37  SCV  
  23  2:41  Hellion  
  23  2:43  Starport  
  26  2:44  Marine  
  26  2:45  Marine  
  26  2:49  SCV  
  29  2:57  Orbital Command  
  29  3:01  SCV  
  29  3:03  Factory Tech Lab  
  30  3:06  Marine  
  30  3:07  Marine  
  32  3:13  SCV  
  33  3:24  Marine x2  
  33  3:25  SCV  
  33  3:26  SCV  
  37  3:29  Raven  
  37  3:30  Refinery  
  39  3:36  Supply Depot  
  39  3:37  SCV  
  39  3:39  SCV  
  41  3:43  Marine x2  
  41  3:46  Factory Tech Lab  
  43  3:50  SCV  
  43  3:51  SCV  
  45  3:59  Supply Depot  
  45  4:01  Marine x2  
  45  4:02  SCV  
  48  4:03  SCV  
  48  4:05  Siege Tank  
  52  4:14  SCV  
  52  4:15  SCV  
  54  4:20  Raven  
  58  4:24  Supply Depot  
  58  4:26  SCV  
  58  4:27  SCV  
  60  4:32  Command Center  
  60  4:38  SCV  
  59  4:39  SCV  
  59  4:44  Supply Depot  
  59  4:45  Marine  
  61  4:46  Siege Tank  
  61  4:48  Marine  
  61  4:50  SCV  
  66  4:53  SCV  
  67  5:02  SCV  
  67  5:05  SCV  
  69  5:07  Barracks x2  
  69  5:11  Viking x2  
  69  5:13  Stimpack  
  73  5:16  SCV  
  73  5:18  SCV, Supply Depot  
  75  5:24  Siege Tank, Marine  
  78  5:38  Refinery  
  78  5:39  Engineering Bay  
  78  5:40  Engineering Bay, SCV x2  
  80  5:46  Orbital Command  
  80  5:48  Viking  
  82  5:50  Viking  
  82  5:53  SCV x2  
  82  5:57  Barracks Reactor  
  86  6:00  Barracks Reactor  
  86  6:05  SCV x2  
  86  6:09  Marine  
  86  6:11  Terran Infantry Weapons Level 1  
  89  6:15  Orbital Command  
  89  6:17  SCV x2  
  91  6:20  Terran Infantry Armor Level 1  
  91  6:21  Barracks x2  
  91  6:27  Marine  
  91  6:29  SCV x2  
  91  6:32  Siege Tank  
  96  6:40  Marine x3  
  96  6:41  SCV x2  
  101  6:47  Supply Depot  
  101  6:48  SCV, Supply Depot, Marine  
  101  6:53  SCV x2  
  105  6:54  Missile Turret  
  105  7:00  SCV, Refinery  
  105  7:01  Marine  
  105  7:02  Refinery, Marine  
  105  7:05  SCV x2  
  105  7:08  Marine  
  101  7:11  Marine  
  101  7:13  SCV  
  91  7:17  SCV x2  
  93  7:24  Barracks Reactor x2  
  93  7:25  SCV  
  93  7:27  Armory, Medivac x2  
  93  7:28  Siege Tank  
  93  7:29  SCV  
  100  7:30  SCV  
  100  7:34  Marine x4, Sensor Tower  
  104  7:37  Combat Shield, SCV  
  104  7:38  Marine  
  109  7:52  Factory, Marine x4  
  109  7:56  Command Center  
  110  7:59  Supply Depot, Marine x3  
  110  8:01  Supply Depot  
  110  8:02  Marine x2  
  115  8:05  Siege Tank  
  115  8:09  Marine  
  115  8:10  Marine  
  115  8:11  Marine x2  
  122  8:17  Marine x3  
  122  8:19  Marine  
  122  8:20  Marine  
  124  8:27  Marine x2  
  124  8:29  Engineering Bay, Marine x2  
  124  8:30  SCV x3  
  124  8:31  Engineering Bay  
  120  8:38  Siege Tank  
  120  8:39  Marine x4  
  124  8:48  Supply Depot  
  125  8:59  Terran Infantry Weapons Level 2  
  125  9:01  Refinery x2  
  125  9:05  Barracks Reactor  
  125  9:06  Marine x2  
  125  9:07  Marine x3  
  125  9:08  Siege Tank, Medivac x2, Marine  
  132  9:10  Siege Tank  
  132  9:11  Marine x2  
  130  9:23  Marine  
  112  9:24  Marine  
  112  9:25  Marine x3  
  112  9:28  Marine  
  112  9:29  Marine x2  
  105  9:40  Siege Tank, Medivac  
  105  9:41  Marine x2  
  105  9:42  Siege Tank, Marine  
  107  9:47  Marine  
  108  9:55  Orbital Command  
  108  9:57  Supply Depot  
  108  10:02  Marine  
  108  10:03  Marine  
  107  10:10  Marine x2  
  107  10:13  Marine  
  106  10:16  Marine  
  84  10:36  Marine x2  
  84  10:39  Marine  
  84  10:40  Marine x5  
  90  10:47  Medivac x2  
  94  10:54  SCV, Marine  
  94  10:56  Orbital Command  
  96  11:01  Marine x2  
  96  11:03  Marine x2  
  98  11:07  Marine x2  
  83  11:13  Siege Tank  
  83  11:14  SCV x2  
  83  11:15  Marine  
  83  11:16  Marine x2  
  74  11:20  Siege Tank  
  74  11:24  Terran Infantry Weapons Level 3  
  77  11:26  SCV  
  77  11:27  SCV  
  77  11:31  Marine x3  
  77  11:32  Marine  
  83  11:33  Marine  
  83  11:35  Orbital Command  
  83  11:39  Terran Infantry Armor Level 2  
  84  11:42  Marine  
  84  11:44  Marine  
  84  11:45  Marine  
  87  11:51  SCV x2, Marine  
  87  11:53  Marine  
  74  11:56  Marine  
  74  11:57  Marine  
  69  12:06  Marine x4  
  67  12:13  Marine x3  
  70  12:19  Siege Tank  
  70  12:20  SCV  
  70  12:21  SCV  
  70  12:22  SCV  
  76  12:23  Marine  
  76  12:24  Marine  
  76  12:26  Marine  
  76  12:27  Marine  
  80  12:33  SCV x2  
  80  12:34  SCV, Marine  
  80  12:36  Marine  
  85  12:37  Marine  
  85  12:38  Marine  
  85  12:41  Medivac  
  89  12:45  SCV x2  
  89  12:46  SCV, Siege Tank  
  89  12:49  Marine  
  89  12:51  Marine x2  
  98  12:54  Marine x2  
  98  12:56  Marine  
  98  12:57  SCV  
  102  12:58  Marine x2  
  102  13:00  SCV  
  102  13:01  SCV  
  106  13:05  Siege Tank  
  106  13:07  Marine  
  106  13:08  Marine  
  106  13:09  SCV  
  116  13:13  SCV  
  116  13:16  SCV  
  116  13:19  Marine x2  
  120  13:24  Marine  
  120  13:25  Marine  
  120  13:27  Marine x2  
  111  13:28  SCV  
  111  13:30  SCV  
  111  13:33  SCV  
  79  13:40  SCV  
  79  13:41  Viking x2, Marine x2  
  78  13:43  SCV  
  78  13:44  Marine  
  78  13:45  Marine  
  78  13:46  SCV  
  78  13:47  Marine  
  85  13:49  Marine  
  85  13:52  Orbital Command  
  82  13:59  Marine x3  
  82  14:00  Marine x2  
  82  14:01  Marine  
  85  14:03  Marine  
  85  14:09  Marine x2  
  84  14:27  Medivac  
  84  14:29  Medivac  
  81  14:31  Orbital Command  
  81  14:35  Marine  
  81  14:36  Marine  
  81  14:37  Marine  
  81  14:38  Siege Tank x2, Marine x2  
  76  14:39  Marine x2  
  76  14:42  Marine x2  
  82  14:46  Marine  
  83  14:53  Marine  
  83  14:54  Marine  
  83  14:55  Marine  
  83  14:57  Marine  
  74  15:00  Marine  
Show
View Real Time Build Order
Export as new Build Order

TIME Terran - Winner!

Build Orders: Reaper Expand 

Get SALT Encoding   

  12  0:01  SCV  
  13  0:13  SCV  
  14  0:17  Supply Depot  
  14  0:25  SCV  
  15  0:38  SCV  
  15  0:40  Barracks  
  16  0:44  Refinery  
  16  0:51  SCV  
  17  1:03  SCV  
  18  1:15  SCV  
  19  1:27  Reaper  
  19  1:28  Orbital Command  
  20  1:41  Command Center  
  20  1:50  Supply Depot  
  20  1:53  SCV  
  21  1:59  Marine  
  22  2:05  SCV  
  23  2:09  Factory  
  23  2:13  Refinery  
  23  2:17  SCV  
  23  2:21  Bunker  
  24  2:23  Barracks Reactor  
  25  2:30  SCV  
  25  2:42  SCV  
  26  2:53  Starport, Hellion  
  26  2:54  Orbital Command  
  26  2:57  SCV  
  29  3:01  Orbital Command, Marine  
  29  3:03  Marine  
  31  3:09  SCV  
  32  3:15  Factory Tech Lab  
  33  3:22  Marine x2  
  34  3:28  SCV x2  
  34  3:32  Supply Depot  
  36  3:40  Factory Tech Lab, SCV x2  
  38  3:41  Raven  
  38  3:42  Marine x2  
  42  3:52  SCV x2  
  44  3:58  Command Center  
  44  4:03  Cyclone  
  44  4:05  SCV  
  44  4:07  Marine  
  49  4:10  SCV  
  49  4:12  Supply Depot  
  51  4:18  SCV  
  51  4:22  SCV  
  53  4:30  SCV  
  53  4:32  Starport Reactor  
  53  4:33  Barracks, Marine  
  53  4:34  Barracks, SCV  
  53  4:35  Stimpack  
  55  4:40  Supply Depot  
  55  4:42  SCV  
  56  4:45  Siege Tank  
  56  4:48  SCV  
  56  4:51  Marine  
  61  4:54  SCV  
  62  5:01  Engineering Bay x2  
  62  5:02  SCV  
  62  5:03  Refinery  
  62  5:04  Refinery  
  63  5:07  Supply Depot  
  63  5:09  SCV  
  63  5:14  Orbital Command  
  64  5:16  SCV  
  64  5:18  Starport Reactor, Marine  
  66  5:22  Marine x2  
  66  5:24  Siege Tank  
  66  5:26  SCV  
  72  5:29  SCV  
  72  5:31  Marine x2  
  75  5:36  Terran Infantry Weapons Level 1  
  75  5:38  SCV  
  75  5:42  Terran Infantry Armor Level 1  
  76  5:43  Marine x3  
  76  5:46  Orbital Command  
  76  5:47  SCV  
  76  5:49  Supply Depot, Marine  
  81  5:50  Marine  
  81  5:54  SCV  
  81  5:56  Medivac  
  85  6:00  Medivac  
  85  6:01  Marine x3  
  90  6:04  SCV  
  90  6:06  SCV  
  90  6:07  Marine  
  90  6:10  Marine  
  94  6:12  Supply Depot  
  94  6:14  SCV  
  94  6:15  Combat Shield  
  94  6:16  SCV  
  96  6:19  SCV, Marine  
  96  6:20  Siege Tank  
  101  6:33  Marine x2  
  101  6:34  SCV  
  101  6:35  Marine x2  
  101  6:37  SCV x2  
  101  6:38  Barracks x2  
  101  6:39  Marine  
  107  6:41  Supply Depot  
  107  6:44  Medivac  
  109  6:47  Supply Depot  
  109  6:53  Supply Depot  
  109  7:03  SCV x2, Medivac, Marine, Siege Tank  
  109  7:08  Marine  
  105  7:15  SCV  
  95  7:16  Marine x2  
  95  7:22  SCV x2  
  99  7:26  Barracks Reactor x2, Armory  
  99  7:28  SCV  
  99  7:29  Marine x2, Refinery x2  
  98  7:34  SCV x2  
  98  7:35  Siege Tank, Marine  
  105  7:40  SCV  
  105  7:41  Medivac x2, Marine x2  
  112  7:46  SCV x2  
  114  7:52  Marine  
  114  7:53  Supply Depot  
  114  7:54  Marine  
  114  7:55  Marine  
  114  7:57  Command Center  
  117  8:03  Marine x6  
  123  8:07  SCV  
  122  8:20  Marine  
  122  8:24  Terran Infantry Armor Level 2, Terran Infantry Weapons Level 2  
  120  8:31  Marine  
  120  8:33  Siege Tank  
  112  8:34  Marine x2  
  112  8:36  Marine x2  
  112  8:37  Marine x3  
  112  8:38  Medivac x2, Marine  
  113  8:42  SCV  
  113  8:45  Terran Vehicle Weapons Level 1  
  113  8:47  Factory  
  114  8:49  Marine  
  114  8:52  SCV, Marine x2  
  114  8:53  SCV  
  114  8:54  Marine x3  
  114  8:55  Marine x2  
  123  8:56  Marine  
  123  9:00  SCV  
  125  9:06  Marine  
  125  9:10  Marine x2  
  125  9:12  Marine x3  
  125  9:13  Marine x3  
  125  9:23  Siege Tank  
  97  9:24  Marine  
  97  9:26  Viking x2  
  97  9:28  Marine x2  
  97  9:29  SCV, Marine  
  97  9:30  Marine x3  
  101  9:31  Marine  
  101  9:32  Factory Tech Lab  
  101  9:34  Planetary Fortress  
  98  9:45  Marine  
  98  9:46  Marine  
  98  9:47  Marine  
  98  9:48  Marine x2  
  98  9:49  Marine  
  104  9:53  Siege Tank  
  105  10:00  Medivac  
  105  10:01  Medivac  
  105  10:03  Marine x2  
  105  10:05  Marine  
  105  10:06  Supply Depot  
  93  10:14  Marine  
  93  10:16  Marine  
  93  10:18  Marine  
  86  10:21  Marine  
  86  10:25  SCV x2, Siege Tank  
  86  10:28  SCV  
  93  10:29  Marine  
  93  10:32  Marine  
  95  10:37  SCV  
  95  10:40  Marine  
  95  10:42  Marine x2  
  95  10:44  Marine  
  95  10:47  SCV x2, Marine  
  95  10:49  Marine  
  95  10:53  Orbital Command  
  93  10:57  Siege Tank  
  93  10:58  Marine  
  93  11:00  Marine  
  93  11:01  Marine  
  93  11:02  Marine  
  95  11:09  Marine  
  82  11:14  Marine  
  82  11:18  Marine  
  79  11:19  SCV  
  79  11:25  SCV  
  81  11:28  Marine  
  81  11:29  Siege Tank  
  81  11:30  Marine x3  
  88  11:34  Medivac  
  88  11:39  Supply Depot  
  90  11:40  Marine  
  91  11:52  Liberator x2  
  91  11:53  Marine  
  78  11:55  Marine  
  67  12:01  Siege Tank, Marine  
  67  12:07  Marine x2  
  67  12:08  Marine  
  72  12:10  SCV  
  72  12:11  SCV x2  
  72  12:12  Marine  
  82  12:18  Marine  
  82  12:19  Marine  
  82  12:22  SCV  
  85  12:25  SCV, Marine x2  
  85  12:28  SCV  
  89  12:33  Marine x2  
  89  12:35  SCV  
  89  12:36  Marine  
  93  12:37  Marine  
  93  12:39  Siege Tank  
  93  12:42  Marine  
  98  12:46  SCV  
  98  12:47  Supply Depot  
  98  12:48  SCV  
  100  12:51  Marine  
  100  12:52  Marine x2  
  100  12:56  Marine  
  104  13:02  Marine x2  
  106  13:06  SCV  
  106  13:09  Marine  
  106  13:12  Marine  
  109  13:19  Liberator, Siege Tank, Marine  
  113  13:20  Liberator  
  106  13:30  Marine x2  
  106  13:31  Marine  
  106  13:32  Marine  
  106  13:33  Marine  
  95  13:37  Marine  
  95  13:40  SCV  
  95  13:41  SCV  
  104  13:48  Marine x2  
  99  13:49  Marine  
  99  13:50  SCV, Marine  
  99  13:51  Siege Tank, Marine  
  99  13:53  SCV  
  109  13:57  Marine  
  107  14:06  Marine  
  102  14:11  Marine  
  102  14:15  SCV x2  
  102  14:16  SCV  
  102  14:17  Marine x2  
  102  14:19  Barracks x2  
  102  14:22  Marine x2  
  102  14:23  Siege Tank  
  109  14:27  SCV  
  109  14:29  SCV  
  109  14:30  Marine  
  112  14:32  Marine  
  112  14:35  Marine x2  
  113  14:39  Marine  
  113  14:40  Marine  
  115  14:48  Marine  
  116  14:52  Marine  
  116  14:53  Marine x2  
  114  15:00  Marine x2  
Tags
 
Add a new tag
Caveats
  • Supply blocks, unpowered buildings, or Contaminate may cause inaccurate times.
  • Supply counts are checked every 10 seconds.